 Dungeon Crawl Stone Soup version 0.20-a0-1006-ge6c5631 (webtiles) character file.

2702 Ordine the Magician (level 9, -2/55 HPs)
             Began as an Octopode Wizard on Apr 13, 2017.
             Was an Initiate of Vehumet.
             Slain by a steam dragon (10 damage)
             ... on level 6 of the Dungeon.
             The game lasted 00:31:05 (11967 turns).

Ordine the Magician (Octopode Wizard)              Turns: 11967, Time: 00:31:06

Health: -2/55      AC:  2    Str:  6    XL:     9   Next: 65%
Magic:  17/20      EV: 13    Int: 24    God:    Vehumet [......]
Gold:   263        SH:  0    Dex: 10    Spells: 14/23 levels left

rFire    . . .     SeeInvis .     - Unarmed
rCold    . . .     Gourm    .   (no shield)
rNeg     . . .     Faith    .   a - +1 hat
rPois    .         Spirit   .   (no amulet)
rElec    .         Reflect  .   (no ring)
rCorr    .         Harm     .   (no ring)
MR       .....                  (no ring)
Stlth    +++.......             (no ring)
Regen    0.2/turn               (no ring)
MPRegen  0.2/turn               (no ring)
                                (no ring)
                                (no ring)

@: no status effects
A: almost no armour, stealthy swim, amphibious, 8 rings, constrict 8, camouflage
1, gelatinous body 1
a: Renounce Religion


You were on level 6 of the Dungeon.
You worshipped Vehumet.
Vehumet was noncommittal.
You were not hungry.

You visited 2 branches of the dungeon, and saw 7 of its levels.
You also visited: Sewer.

You collected 263 gold pieces.

Inventory:

Armour
 a - a +1 hat (worn)
Jewellery
 i - an uncursed ring of positive energy {unknown}
 o - an uncursed ring of positive energy {unknown}
 w - an uncursed ring of resist corrosion {unknown}
Scrolls
 k - a scroll of magic mapping
 q - 2 scrolls of enchant weapon
 s - 2 scrolls of fog
 v - 4 scrolls of teleportation
 x - a scroll of recharging
Potions
 d - a potion of cancellation
 e - 10 potions of curing
 f - 3 potions of heal wounds
 h - 2 potions of magic
 j - a potion of brilliance
 l - 2 potions of invisibility
 p - 2 potions of mutation
 r - a potion of degeneration {unknown}
 t - 2 potions of agility {unknown}
Books
 b - a book of Minor Magic

   Spells                             Type                      Level
   a - Magic Dart                     Conjuration                  1
   b - Blink                          Translocation                2
   c - Call Imp                       Summoning                    2
   d - Slow                           Hexes                        2
   e - Conjure Flame                  Conjuration/Fire             3
   f - Mephitic Cloud                 Conjuration/Poison/Air       3
 m - a book of Changes

   Spells                             Type                      Level
   a - Beastly Appendage              Transmutation                1
   b - Sticks to Snakes               Transmutation                2
   c - Spider Form                    Transmutation/Poison         3
   d - Ice Form                       Ice/Transmutation            4
   e - Blade Hands                    Transmutation                5
Comestibles
 c - 2 bread rations
 g - a royal jelly
 n - 2 meat rations


   Skills:
 + Level 2.6 Fighting
 + Level 2.2 Dodging
 - Level 2.6 Stealth
 + Level 5.1 Unarmed Combat
 * Level 7.8 Spellcasting
 + Level 4.9 Conjurations
   Level 1.0 Summonings
 - Level 1.0 Translocations
 + Level 4.4 Fire Magic
 + Level 4.0 Air Magic


You had 14 spell levels left.
You knew the following spells:

 Your Spells              Type           Power        Failure   Level  Hunger
a - Magic Dart            Conj           ####         1%          1    None
b - Blink                 Tloc           N/A          10%         2    None
c - Conjure Flame         Conj/Fire      ####....     2%          3    None
d - Mephitic Cloud        Conj/Pois/Air  ###.....     10%         3    None


Dungeon Overview and Level Annotations

Branches:
Dungeon (6/15)             Temple (1/1) D:6

Altars:
Ashenzari
Cheibriados
Dithmenos
Elyvilon
Gozag
Hepliaklqana
Kikubaaqudgha
Makhleb
Nemelex Xobeh
Okawaru
Qazlal
Ru
Sif Muna
Trog
Uskayaw
Vehumet
Wu Jian
Xom
Yredelemnul
Zin
The Shining One

Annotations:
D:4 exclusions: hippogriff and worm


Innate Abilities, Weirdness & Mutations

You cannot wear most types of armour.
You are very stealthy in the water. (Stealth+)
You are amphibious.
You can wear up to eight rings at the same time.
You can use your tentacles to constrict eight enemies at once.
Your skin changes colour to match your surroundings (Stealth+).
Your rubbery body absorbs attacks. (AC +1, EV +1)


Message History

Press: ? - help, Shift-Dir - straight line, f/p - steam dragon
Aim: a steam dragon (heavily wounded, catching its breath)
The magic dart hits the steam dragon.
The steam dragon is heavily wounded.
The steam dragon bites you!
* * * LOW HITPOINT WARNING * * *
The steam dragon claws you.
* * * LOW HITPOINT WARNING * * *
You feel much better. The steam dragon breathes steam at you.
The ball of steam hits you!
* * * LOW HITPOINT WARNING * * *
You feel much better.
You are engulfed in a cloud of scalding steam.
The steam dragon bites you!
* * * LOW HITPOINT WARNING * * *
The steam dragon claws you.
* * * LOW HITPOINT WARNING * * *
The steam dragon bites you!
You die...

.......##........)..........####.
.......#######.###.####..........
..#..### #.##..# #####..###.
..#### .....## .. ##.....
...≈.########..### P.≈ ##....
#..≈...PP^≈.#########≈... #....
#...........§§.≈P≈^≈P≈P.. #.#..
#..P≈..≈≈^.≈§...§D....... #.#..
....P...#######P@...≈P... ##....
......###...#########≈.P≈ #.....
..#####............####≈.###..##.
..#(....##########...)####(..###)
....[.....................(.(.(.)
.................).......##.#####
......#####.................# #
............###)..(.....##### #
.....########<(....####..#


You could see a steam dragon.

Vanquished Creatures
  Pikel (D:5)
  2 orc warriors (D:6)
  3 sky beasts (D:5)
  3 slaves (D:5)
  3 ogres
  An ice beast (D:5)
  A phantom (D:5)
  A big kobold (Sewer)
  A wyvern zombie (D:6)
  A water moccasin zombie (D:5)
  A scorpion (D:5)
  A water moccasin skeleton (D:4)
  A howler monkey (D:5)
  A crimson imp (D:5)
  2 jellies (D:5)
  2 gnoll shamans
  4 hounds
  3 orc priests
  2 orc wizards
  A bullfrog skeleton (D:4)
  A centaur skeleton (D:5)
  4 iguanas
  A worker ant (D:3)
  10 gnolls
  4 river rats (Sewer)
  12 adders
  2 shadow imps
  2 oozes (Sewer)
  2 worms (D:4)
  4 dart slugs
  6 leopard geckos
  24 orcs
  9 bats
  6 giant cockroaches
  8 hobgoblins
  11 jackals
  4 quokkas
  6 ball pythons
  9 frilled lizards
  5 goblins
  A jackal skeleton (D:4)
  24 kobolds
  A leopard gecko zombie (D:5)
  A quokka skeleton (D:4)
  28 rats
  A fungus (D:6)
221 creatures vanquished.

Vanquished Creatures (others)
  A centaur (D:5)
  A hound (D:5)
  A killer bee zombie (D:5)
  A hobgoblin (D:1)
  A kobold (D:1)
  A bat (D:1)
  2 rats (D:1)
8 creatures vanquished.

Grand Total: 229 creatures vanquished

Notes
Turn   | Place    | Note
-------+----------+-------------------------------------------
     0 | D:1      | Ordine the Octopode Wizard began the quest for the Orb.
     0 | D:1      | Reached XP level 1. HP: 11/11 MP: 4/4
   105 | D:1      | Reached skill level 1 in Unarmed Combat
   105 | D:1      | Reached XP level 2. HP: 17/17 MP: 3/6
   147 | D:1      | Learned a level 2 spell: Blink
   615 | D:1      | Reached XP level 3. HP: 13/21 MP: 0/8
  1603 | D:2      | Found a shimmering altar of Xom.
  1617 | D:2      | Reached XP level 4. HP: 27/27 MP: 3/9
  1772 | D:2      | Reached skill level 4 in Spellcasting
  2360 | D:3      | Found a shadowy altar of Dithmenos.
  2818 | D:3      | Reached XP level 5. HP: 31/31 MP: 7/11
  2961 | D:3      | Found a burning altar of Makhleb.
  3270 | D:3      | Learned a level 3 spell: Conjure Flame
  3274 | D:3      | Learned a level 3 spell: Mephitic Cloud
  3758 | D:4      | Reached skill level 1 in Fire Magic
  3758 | D:4      | Reached XP level 6. HP: 19/36 MP: 3/13
  3924 | D:4      | Noticed a hippogriff
  3963 | D:4      | Found a glowing golden altar of the Shining One.
  3990 | D:4      | Reached skill level 5 in Spellcasting
  3990 | D:4      | Reached skill level 1 in Air Magic
  5209 | D:4      | Reached XP level 7. HP: 29/41 MP: 5/14
  5429 | D:4      | Found a basalt altar of Yredelemnul.
  5728 | D:5      | Entered Level 5 of the Dungeon
  6009 | D:5      | Found a glowing drain.
  6040 | Sewer    | Entered a sewer
  7077 | Sewer    | Reached XP level 8. HP: 46/46 MP: 1/16
  7303 | D:5      | Noticed Pikel
  7325 | D:5      | Found an ornate altar of the Wu Jian Council.
  7600 | D:5      | Reached skill level 6 in Spellcasting
  8560 | D:5      | Killed Pikel
  8560 | D:5      | Reached skill level 1 in Fighting
  8560 | D:5      | Reached skill level 7 in Spellcasting
  8560 | D:5      | Reached XP level 9. HP: 3/54 MP: 1/19
  8622 | D:5      | HP: 2/54 [killer bee zombie (5)]
 10207 | D:6      | Reached skill level 5 in Unarmed Combat
 11644 | D:6      | Found a staircase to the Ecumenical Temple.
 11683 | Temple   | Entered the Ecumenical Temple
 11687 | Temple   | Became a worshipper of Vehumet
 11916 | D:6      | Found a sparkling altar of Nemelex Xobeh.
 11965 | D:6      | HP: 1/55 [steam dragon/ball of steam (21)]
 11967 | D:6      | Slain by a steam dragon

Vault maps used:
D:1:      scummos_arrival_simple_fountains, grunt_decor_clamped, fountainhead,
          lemuel_old_faithful
D:2:      old_standard_altar, first_bread
D:3:      minmay_door_path, lemuel_round_altar, nicolae_dithmenos_shadow_blocks,
          st_stairs_7, kennysheep_generic_room_3
D:4:      lemuel_coloured_pillars_altar, tso_metal_star
D:5:      old_standard_altar, portal_sewer_entry_f, hangedman_decor_opposing,
          uniq_pikel
D:6:      kennysheep_steamy, nicolae_overflow_hidden_temple,
          minmay_temple_entry_glass
Temple:   zaba_magenta_temple
Sewer:    sewer_minmay_treatment

Skill      XL: |  1  2  3  4  5  6  7  8  9 |
---------------+----------------------------+-----
Unarmed Combat | 1 2 3 4 5 |  5.1
Spellcasting   | 4 5 7 |  7.8
Conjurations   | 2 3 4 |  4.9
Fire Magic     | 1 2 3 4 |  4.4
Air Magic      | 1 2 3 4 |  4.0
Fighting       | 1 2 |  2.6
Dodging        | |  2.2
Stealth        | |  2.6
Summonings     | |  1.0
Translocations | |  1.0

Action                   |  1- 3 |  4- 6 |  7- 9 || total
-------------------------+-------+-------+-------++-------
Melee: Unarmed           |    38 |    30 |    53 ||   121
       Constrict         |    10 |     6 |     9 ||    25
       Tentacles         |     5 |     3 |     8 ||    16
       Punch             |       |       |     1 ||     1
 Cast: Magic Dart        |    84 |   208 |   477 ||   769
       Blink             |       |     3 |    11 ||    14
       Conjure Flame     |       |     1 |    19 ||    20
       Mephitic Cloud    |       |     1 |    19 ||    20
  Use: Scroll            |     4 |     4 |     9 ||    17
       Potion            |     2 |     1 |     6 ||     9
 Stab: Confused          |       |       |     3 ||     3
  Eat: Chunk             |     2 |    11 |    16 ||    29
       Bread ration      |       |       |     1 ||     1
Armor: Skin              |     9 |    14 |    12 ||    35
Dodge: Dodged            |    41 |    75 |    89 ||   205
